 Dungeon Crawl Stone Soup version 0.19.1-1-g22dce08 (webtiles) character file.

196 Gargoyl the Skirmisher (level 5, -1/46 HPs)
             Began as a Ghoul Abyssal Knight on Jan 2, 2017.
             Was a Believer of Lugonu.
             Slain by Dolanko's ghost (2 damage)
             ... on level 3 of the Dungeon.
             The game lasted 00:05:10 (2292 turns).

Gargoyl the Skirmisher (Ghoul Abyssal Knight)       Turns: 2292, Time: 00:05:11

Health: -1/46      AC: 13    Str: 15 (16) XL:     5   Next: 74%
Magic:  6/6        EV:  4    Int:  7      God:    Lugonu [**....]
Gold:   83         SH:  0    Dex:  9      Spells: 0 memorised, 4 levels left

rFire  . . .     SeeInvis .     o - +0 war axe
rCold  + . .     Gourm    .     i - +0 plate armour
rNeg   + + +     Faith    .     (no shield)
rPois  ∞         Spirit   .     (no helmet)
rElec  .         Reflect  .     (no cloak)
rCorr  .         Harm     .     d - +1 pair of gloves
MR     .....                    (no boots)
Stlth  ..........               (no amulet)
                                (no ring)
                                (no ring)

@: rotting
A: rotting body, claws 1, carnivore 3, cold resistance 1, negative energy
resistance 3, slow regeneration 1, torment resistance, unbreathing
a: Depart the Abyss, Bend Space, Renounce Religion


You were on level 3 of the Dungeon.
You worshipped Lugonu.
Lugonu was pleased with you.
You were not hungry.

You visited 1 branch of the dungeon, and saw 4 of its levels.
You visited the Abyss 1 time.

You collected 83 gold pieces.

Inventory:

Hand Weapons
 a - a +1 hand axe
 o - a +0 war axe (weapon)
Missiles
 e - 2 tomahawks (quivered)
Armour
 d - a +1 pair of gloves (worn)
 i - a +0 plate armour (worn)
Scrolls
 b - 3 scrolls of remove curse
 g - a scroll of teleportation
Comestibles
 c - a meat ration


   Skills:
 + Level 4.1 Fighting
 + Level 2.9 Axes
 * Level 3.6 Armour
 + Level 1.1 Dodging
 * Level 2.9 Invocations


You had 4 spell levels left.
You didn't know any spells.

Dungeon Overview and Level Annotations

Branches:
Dungeon (4/15)
 Temple: D:4-7

Altars:
Kikubaaqudgha
Nemelex Xobeh

Annotations:
D:3 Dolanko's ghost, amateur MiBe


Innate Abilities, Weirdness & Mutations

Your body is rotting away.
You thrive on raw meat.
You are immune to poison.
You have sharp fingernails.
You are carnivorous and can eat meat at any time.
Your flesh is cold resistant. (rC+)
You are immune to negative energy. (rN+++)
You regenerate slowly when monsters are visible.
You are immune to unholy pain and torment.
You can survive without breathing.


Message History

Okay, then.
Unknown command.
The ooze hits you but does no damage.
You climb upwards.
Level annotation: Dolanko's ghost, amateur MiBe Dolanko's ghost hits you!
* * * LOW HITPOINT WARNING * * *
There is a stone staircase leading down, spattered with blood here.
Things that are here:
a leather armour; a flail; an orc skeleton
Okay, then.
It was a potion of lignification.
You feel woody for a moment. Dolanko's ghost barely misses you.
The ooze barely misses you.
It was a potion of cure mutation.
It has a very clean taste.
Dolanko's ghost barely misses you. The ooze hits you but does no damage.
It was a potion of beneficial mutation.
Your body decomposes!
You feel weakened.
You feel dead inside. Dolanko's ghost hits you.
You die...

.# #.#....##.#.....# ###########.
.# #.##.#.##.#.....# #...........
.# #.##.#.##.#.....###..#.#.###.#
.# #.##.#.##.#..........# #.#.#.#
.###.##.#.##<###.#####..###.#.#.#
.............# #.# ##..........
####.........# #.# #..........
####.#.#### #J# #.#.#.###.# #.#.#
#@# #.#.#...#.# #.#.# #W#
#.###.###.# ##... #.# ... ... ...
#.. #.# ... ... ... ##.. #..
.%.###.#.#.# ### ##. #.#.#..
#.###


You could see Dolanko's ghost and an ooze.

Vanquished Creatures
  A scorpion (D:4)
  A worker ant (D:4)
  7 adders
  An ooze (D:2)
  A worm (D:2)
  A leopard gecko (D:2)
  3 orcs
  A ball python (D:1)
  4 giant cockroaches
  3 goblins (D:1)
  6 hobgoblins
  3 jackals (D:2)
  2 quokkas (D:2)
  5 bats
  3 frilled lizards
  6 kobolds
  6 rats
54 creatures vanquished.

Notes
Turn   | Place    | Note
-------+----------+-------------------------------------------
     0 | Abyss:1  | Gargoyl the Ghoul Abyssal Knight began the quest for the Orb.
     0 | Abyss:1  | Reached XP level 1. HP: 19/19 MP: 1/1
   103 | Abyss:1  | Noticed a large abomination
   133 | Abyss:1  | Noticed a small abomination
   144 | Abyss:1  | Noticed an ancient zyme
   146 | D:1      | Escaped the Abyss
   492 | D:1      | Reached XP level 2. HP: 15/26 MP: 2/2
   545 | D:1      | Reached * piety under Lugonu
  1060 | D:2      | Reached XP level 3. HP: 31/33 MP: 3/3
  1192 | D:2      | Reached XP level 4. HP: 36/40 MP: 4/4
  1221 | D:2      | Reached skill level 4 in Fighting
  1305 | D:2      | Found a sparkling altar of Nemelex Xobeh.
  1305 | D:2      | Found an ancient bone altar of Kikubaaqudgha.
  1424 | D:2      | Reached skill level 1 in Dodging
  1558 | D:2      | Reached ** piety under Lugonu
  1717 | D:3      | Noticed Dolanko's ghost (amateur MiBe)
  2070 | D:4      | Reached XP level 5. HP: 27/46 MP: 4/6
  2289 | D:3      | HP: 1/46 [Dolanko's ghost (8)]
  2292 | D:3      | Slain by Dolanko's ghost

Skill      XL: |  1  2  3  4 |
---------------+-------------+-----
Armour         | 2 3 |  3.6
Axes           | 2 |  2.9
Fighting       | 4 |  4.1
Dodging        | 1 |  1.1
Invocations    | |  2.9

Action                   |  1- 3 |  4- 6 || total
-------------------------+-------+-------++-------
Melee: Hand axe          |   136 |     8 ||   144
       War axe           |       |   122 ||   122
Invok: Depart the Abyss  |     1 |       ||     1
       Bend Space        |       |     1 ||     1
  Use: Scroll            |     3 |     3 ||     6
       Potion            |       |     6 ||     6
  Eat: Chunk             |    19 |    16 ||    35
Armor: Plate armour      |   128 |   160 ||   288
       Leather armour    |     6 |       ||     6
Dodge: Dodged            |    38 |    57 ||    95
